 Dungeon Crawl Stone Soup version 0.25-a0-404-gc1b5a34292 (webtiles) character file.

Game seed: 11694137307864453910, levelgen mode: deterministic

270 Jerej03 the Ruffian (level 6, 0/57 HPs)
             Began as a Troll Warper on Jan 11, 2020.
             Slain by a worker ant (2 damage)
             ... on level 4 of the Dungeon.
             The game lasted 00:26:06 (2748 turns).

Jerej03 the Ruffian (Troll Warper)                  Turns: 2748, Time: 00:26:08

Health: 0/57       AC:  6    Str: 21    XL:     6   Next: 1%
Magic:  0/7        EV: 10    Int: 15    God:
Gold:   179        SH:  0    Dex:  9    Spells: 3/8 levels left

rFire    . . .     SeeInvis .   o - +0 great sword
rCold    . . .     Gourm    +   (shield currently unavailable)
rNeg     . . .     Faith    .   a - +0 robe
rPois    +         Spirit   +   (helmet restricted)
rElec    .         Reflect  .   (no cloak)
rCorr    .         Harm     .   (gloves unavailable)
MR       .....                  (boots unavailable)
Stlth    +.........             g - amulet of guardian spirit
HPRegen  0.59/turn              e - ring of poison resistance
MPRegen  0.10/turn              p - ring of flight

@: brilliant, lethally poisoned (0 -> 0)
A: large, unfitting armour, claws 3, fast metabolism 3, gourmand, regeneration
1, shaggy fur 1, tough skin 3
a: Evoke Flight


You were on level 4 of the Dungeon.
You were not hungry.

You visited 1 branch of the dungeon, and saw 4 of its levels.
You also visited: Sewer.

You collected 179 gold pieces.

Inventory:

Hand Weapons
 m - a +2 dagger of freezing
 o - a +0 great sword (weapon)
 s - a +1 dagger of venom
Missiles
 d - 5 boomerangs of dispersal (quivered)
 h - 8 boomerangs
Armour
 a - a +0 robe (worn)
Jewellery
 e - a ring of poison resistance (left claw)
 g - an amulet of guardian spirit (around neck)
 p - a ring of flight (right claw)
Scrolls
 b - 2 scrolls of fog
 c - 2 scrolls of blinking
 j - a scroll of enchant armour
 k - 5 scrolls of identify
 l - a scroll of remove curse
 q - a scroll of teleportation
 t - a scroll of fear
Potions
 i - 2 potions of magic
 n - a potion of cancellation
 r - a potion of brilliance
Comestibles
 f - 7 rations


   Skills:
 + Level 2.2 Fighting
 + Level 1.2 Long Blades
 + Level 1.0 Throwing
 + Level 2.9 Dodging
 + Level 0.2 Stealth
 + Level 4.2 Unarmed Combat
 + Level 1.6 Spellcasting
 + Level 2.3 Translocations


You had 3 spell levels left.
You knew the following spells:

 Your Spells              Type           Power        Failure   Level  Hunger
a - Teleport Other        Tloc           ###.....     3%          3    ####...
b - Blink                 Tloc           N/A          1%          2    ###....

Your spell library contained the following spells:

 Spells                   Type           Power        Failure   Level  Hunger
 Shroud of Golubria       Chrm/Tloc      ##....       2%          2    ###....
 Gell's Gravitas          Tloc           ###.......   3%          3    ####...
 Lesser Beckoning         Tloc           ###.......   3%          3    ####...
 Passage of Golubria      Tloc           N/A          10%         4    #####..


Dungeon Overview and Level Annotations

Branches:
Dungeon (4/15)              Sewer (visited)
 Temple: D:4-7

Altars:
The Shining One


Innate Abilities, Weirdness & Mutations

You are too large for most types of armour.
You have claws for hands.
Your metabolism is lightning-fast.
You like to eat raw meat.
Your natural rate of healing is unusually fast.
You are covered in fur. (AC +1)
You have extremely tough skin. (AC +3)


Message History

* * * LOW HITPOINT WARNING * * *
The worker ant bites you but does no damage.
You closely miss the worker ant.
The worker ant is severely wounded.
You feel sick. The worker ant barely misses you.
You riposte.
You hit the worker ant.
The worker ant is moderately wounded.
The worker ant barely misses you. The worker ant bites you.
* * * LOW HITPOINT WARNING * * *
The worker ant bites you.
* * * LOW HITPOINT WARNING * * *
Unknown command.
You barely miss the worker ant.
The worker ant is severely wounded.
The worker ant bites you.
* * * LOW HITPOINT WARNING * * *
The worker ant bites you.
* * * LOW HITPOINT WARNING * * *
The worker ant bites you.
You die...

.............
.......................
..........#........###
............#........# ...
........#........### ....
.......#........... .....
..................
..##....##.................
..#.......@[..............#
......##.aa...........#..#
#..## ##..##........###..
#....###†######...######<
#.........## #....# #...
#..........# #..#### #...
#.##..>....###..#..###..#
#.......##..>....#..##
.$....##...........<....#


You could see 2 worker ants.

Vanquished Creatures
  A howler monkey (D:4)
  An orc wizard (D:3)
  A hound skeleton (D:4)
  A howler monkey skeleton (D:4)
  6 adders
  An ooze (D:3)
  3 worms
  3 leopard geckos
  17 orcs
  4 ball pythons (Sewer)
  8 giant cockroaches
  6 goblins
  6 hobgoblins
  5 jackals (Sewer)
  11 kobolds
  A quokka (D:4)
  7 bats
  5 frilled lizards
  5 rats
92 creatures vanquished.

Notes
Turn   | Place    | Note
-------+----------+-------------------------------------------
     0 | D:1      | Jerej03 the Troll Warper began the quest for the Orb.
     0 | D:1      | Reached XP level 1. HP: 19/19 MP: 1/1
   258 | D:1      | Found a glowing golden altar of the Shining One.
   370 | D:1      | Reached XP level 2. HP: 24/28 MP: 3/3
   464 | D:1      | Reached skill level 1 in Throwing
   715 | D:2      | Reached XP level 3. HP: 27/35 MP: 4/4
  1197 | D:3      | Reached skill level 3 in Unarmed Combat
  1198 | D:3      | Reached XP level 4. HP: 13/42 MP: 2/5
  1246 | D:3      | Learned a level 3 spell: Teleport Other
  1249 | D:3      | Learned a level 2 spell: Blink
  1514 | D:3      | Reached XP level 5. HP: 45/49 MP: 6/6
  1941 | D:4      | Reached skill level 4 in Unarmed Combat
  1977 | D:4      | Found a glowing drain.
  2069 | Sewer    | Entered a sewer
  2736 | D:4      | Reached skill level 1 in Long Blades
  2736 | D:4      | Reached XP level 6. HP: 47/57 MP: 7/7
  2748 | D:4      | HP: 2/57 [worker ant (2)]
  2748 | D:4      | Slain by a worker ant

Levels and vault maps discovered:
D:1:      nzn_arrival_depleted_hourglass, layout_basic, tso_altar
D:2:      layout_loops_cross
D:3:      layout_basic
D:4:      layout_cave_pools, first_ration, gup_sewer_entry_glass

Skill      XL: |  1  2  3  4  5 |
---------------+----------------+-----
Dodging        | 2 |  2.9
Throwing       | 1 |  1.0
Unarmed Combat | 3 4 |  4.2
Fighting       | 2 |  2.2
Long Blades    | 1 |  1.2
Stealth        | |  0.2
Spellcasting   | |  1.6
Translocations | |  2.3

Action                   |  1- 3 |  4- 6 || total
-------------------------+-------+-------++-------
Melee: Unarmed           |   126 |    73 ||   199
       Punch             |       |     3 ||     3
       Great sword       |       |    91 ||    91
 Cast: Blink             |       |     3 ||     3
       Teleport Other    |       |     1 ||     1
  Use: Scroll            |     6 |     4 ||    10
       Potion            |     5 |     2 ||     7
  Eat: Chunk             |    16 |     9 ||    25
Armor: Robe              |    40 |   121 ||   161
Dodge: Dodged            |    57 |   140 ||   197
       Rpst.: Great sword |       |    38 ||    38

Table legend:
 A = Non-vault XP
 B = Vault XP
 C = Vault XP percentage of total XP
 D = Non-vault monster count
 E = Vault monster count
 F = Vault count percentage of total count
                 A         B        C        D         E       F
            +---------+---------+-------+---------+---------+-------
      Total |     327 |      60 |  15.5 |      71 |      21 |  22.8
            +---------+---------+-------+---------+---------+-------
        D:1 |      17 |       0 |   0.0 |      10 |       0 |   0.0
        D:2 |      48 |       0 |   0.0 |      19 |       0 |   0.0
        D:3 |     158 |       0 |   0.0 |      35 |       0 |   0.0
        D:4 |     104 |      24 |  18.8 |       7 |       6 |  46.2
      Sewer |       0 |      36 | 100.0 |       0 |      15 | 100.0
            +---------+---------+-------+---------+---------+-------
